 Dungeon Crawl Stone Soup version 0.31-a0-229-g1fc7ce93e2 (webtiles) character file.

Game seed: 645247712801867785

17 qw the Shooter (level 2, 0/24 HPs)
             Began as a Minotaur Hexslinger on July 6, 2023.
             Constricted to death by a ball python (1 damage)
             ... on level 1 of the Dungeon.
             The game lasted 00:00:09 (252 turns).

qw the Shooter (Minotaur Hexslinger)                 Turns: 252, Time: 00:00:09

Health: 0/24       AC:  2    Str: 12    XL:     2   Next: 44%
Magic:  2/2        EV:  9    Int: 10    God:
Gold:   13         SH:  0    Dex: 12    Spells: 2/3 levels left

rFire   . . .        a - +1 sling
rCold   . . .        (no shield)
rNeg    . . .        c - +0 robe
rPois   .            (helmet restricted)
rElec   .            (no cloak)
rCorr   .            (no gloves)
SInv    .            (no boots)
Will    .....        (no amulet)
Stlth   +            (no ring)
HPRegen 0.24/turn    (no ring)
MPRegen 0.08/turn

%: no passive effects
@: constricted
A: horns 2, retaliatory headbutt
a: no special abilities


You were on level 1 of the Dungeon.
You visited 1 branch of the dungeon, and saw 1 of its levels.

You collected 13 gold pieces.


Innate Abilities, Weirdness & Mutations

You have a pair of horns on your head.
You reflexively headbutt those who attack you in melee.


   Skills:
 - Level 2.0 Fighting
 + Level 3.1 Ranged Weapons
 - Level 2.1 Dodging
 - Level 1.0 Spellcasting
 - Level 2.0 Hexes


You had 2 spell levels left.
You knew the following spells:

 Your Spells              Type           Power      Damage    Failure   Level
a - Slow                  Hex            16%        N/A       16%         1

Your spell library contained the following spells:

 Spells                   Type           Power      Damage    Failure   Level
 Inner Flame              Hex/Fire       2%         N/A       56%         3
 Portal Projectile        Hex/Tloc       4%         N/A       56%         3
 Cause Fear               Hex            2%         N/A       83%         4

Inventory:

Hand Weapons
 a - a +1 sling (weapon)
Armour
 c - a +0 robe (worn)
 d - a +0 leather armour
Scrolls
 b - a scroll of poison
 e - a scroll of immolation {unknown}

Dungeon Overview and Level Annotations

Branches:
Dungeon (1/15)

Altars:


Message History

You kill the hobgoblin!
The goblin hits you with a +0 club. The ball python misses you.
The ball python grabs you. The ball python constricts you.
The goblin closely misses you.
You shoot a sling bullet. The sling bullet hits the ball python.
The ball python is severely wounded.
The ball python loses its grip on you. The goblin hits you with a +0 club.
The ball python bites you. The ball python grabs you.
The ball python constricts you.
You shoot a sling bullet. The sling bullet hits the ball python.
You kill the ball python!
The ball python bites you but does no damage.
The ball python grabs you. The ball python constricts you.
The goblin closely misses you. You furiously retaliate!
You headbutt the goblin.
The ball python bites you but does no damage.
The ball python constricts you.
You shoot a sling bullet. The sling bullet hits the ball python.
You kill the ball python!
The goblin misses you.
Your Fighting skill increases to level 2!
You shoot a sling bullet.
The sling bullet closely misses the goblin.
The endoplasm completely misses you. The goblin hits you but does no damage.
The endoplasm jiggles.
The endoplasm freezes you.
You are frozen.
The goblin hits you with a +0 club.
You shoot a sling bullet.
The sling bullet closely misses the goblin.
The endoplasm hits you. The goblin misses you. You furiously retaliate!
You headbutt the goblin.
You kill the goblin!
You shoot a sling bullet. The sling bullet hits the endoplasm.
The endoplasm is moderately wounded.
The endoplasm misses you. The ball python barely misses you.
The ball python grabs you. The ball python constricts you.
You shoot a sling bullet.
The sling bullet closely misses the ball python.
The endoplasm closely misses you. The ball python bites you.
The ball python constricts you.
You die...

#.#.#.........%.
.......#........
#.#..#.#........
#........###....
+.#........#....
#..........#....
..#.##+##.#........#....
.......%..[........#....
##.#.#@#.#......#####..
......SJ##...).#........
.........#.....+........
.........#.....#........
.........##...##........
.......##...............
....... #...............
........................
.......#........#


You could see an endoplasm and a ball python.

Vanquished Creatures
  An endoplasm (D:1)
  A giant cockroach (D:1)
  3 goblins (D:1)
  2 hobgoblins (D:1)
  A kobold (D:1)
  A quokka (D:1)
  3 ball pythons (D:1)
  2 frilled lizards (D:1)
  A rat (D:1)
15 creatures vanquished.

Notes
Turn   | Place    | Note
-------+----------+-------------------------------------------
     0 | D:1      | qw the Minotaur Hexslinger began the quest for the Orb.
     0 | D:1      | Reached XP level 1. HP: 16/16 MP: 1/1
     0 | D:1      | 0 ||| qw: Version: 0.3-a-46-gb1f654a
     0 | D:1      | 0 ||| qw: Game counter: 1287
     0 | D:1      | 0 ||| qw: Melee chars always use a shield: true
     0 | D:1      | 0 ||| qw: God list: Okawaru
     0 | D:1      | 0 ||| qw: Allow faded altars: false
     0 | D:1      | 0 ||| qw: Do Orc after clearing Dungeon:15 true
     0 | D:1      | 0 ||| qw: Do second Lair branch before Depths: true
     0 | D:1      | 0 ||| qw: Lair rune preference: random
     0 | D:1      | 0 ||| qw: Goals: Normal
     0 | D:1      | 0 ||| PLANNING D:1-11
   163 | D:1      | Reached skill level 3 in Ranged Weapons
   163 | D:1      | Reached XP level 2. HP: 22/23 MP: 2/2
   249 | D:1      | HP: 6/24 [frozen (5)]
   250 | D:1      | HP: 2/24 [endoplasm (2)]
   252 | D:1      | Constricted to death by a ball python

Levels and vault maps discovered:
D:1:      shiori_shiawase, layout_basic, minmay_misc_feat_hallway,
          chequers_serial_rivers_room_a, minmay_misc_feat_doors,
          minmay_tetromino_o2

Skill      XL: |  1  2 |
---------------+-------+-----
Ranged Weapons | 3 |  3.1
Fighting       | 2 |  2.0
Dodging        | |  2.1
Spellcasting   | |  1.0
Hexes          | |  2.0

Action                     || total
---------------------------++-------
   Fire: Sling             ||    45
 Armour: Robe              ||     3
  Dodge: Dodged            ||    19

Table legend:
 A = Non-vault XP
 B = Vault XP
 C = Vault XP percentage of total XP
 D = Non-vault monster count
 E = Vault monster count
 F = Vault count percentage of total count
                 A         B        C        D         E       F
            +---------+---------+-------+---------+---------+-------
      Total |      25 |       0 |   0.0 |      15 |       0 |   0.0
            +---------+---------+-------+---------+---------+-------
        D:1 |      25 |       0 |   0.0 |      15 |       0 |   0.0
            +---------+---------+-------+---------+---------+-------
